 Dungeon Crawl Stone Soup version 0.16-a0-3420-gb95a3aa (webtiles) character file.

72 Kemay the Changer (level 4, 0/28 HPs)
             Began as an Octopode Transmuter on Dec 31, 2014.
             Slain by a hobgoblin
             ... wielding a +0 club
              (6 damage)
             ... on level 3 of the Dungeon.
             The game lasted 00:05:43 (2882 turns).

Kemay the Changer (Octopode Transmuter)             Turns: 2882, Time: 00:05:44

Health: 0/28       AC:  1    Str: 12    XL:     4   Next: 26%
Magic:  7/7        EV: 12    Int: 16    God:
Gold:   143        SH:  0    Dex: 12    Spells: 2 memorised, 3 levels left

rFire  . . .     SeeInvis .       - Unarmed
rCold  . . .     Clarity  .     (no shield)
rNeg   . . .     SustAb   .     (helmet restricted)
rPois  .         Gourm    .     (no amulet)
rElec  .         Spirit   .     f - ring of protection from magic
rCorr  .         Warding  .     h - +3 ring of strength
rMut   .         Stasis   .     l - ring of protection from magic
MR     ++...                    (no ring)
Stlth  ++........               (no ring)
                                (no ring)
                                (no ring)
                                (no ring)

@: very resistant to hostile enchantments, unstealthy
A: almost no armour, amphibious, 8 rings, constrict 8, camouflage 1, gelatinous
body 1
a: no special abilities


You were on level 3 of the Dungeon.
You were not hungry.

You visited 1 branch of the dungeon, and saw 3 of its levels.

You collected 143 gold pieces.

Inventory:

Jewellery
 f - a ring of protection from magic (left tentacle)
 h - a +3 ring of strength (right tentacle)
 l - a ring of protection from magic (on tentacle)
Scrolls
 b - a scroll of remove curse
 e - 2 scrolls of teleportation
Potions
 c - a potion of might
 g - 2 potions of haste
 j - a potion of flight {unknown}
 m - a potion of curing {unknown}
Books
 d - a book of Changes

   Spells                             Type                      Level
   a - Beastly Appendage              Transmutation                1
   b - Sticks to Snakes               Transmutation                2
   c - Spider Form                    Transmutation/Poison         3
   d - Ice Form                       Ice/Transmutation            4
   e - Blade Hands                    Transmutation                5
Comestibles
 a - 2 bread rations
 i - 2 beef jerkies
 k - a chunk of flesh


   Skills:
 - Level 1.0 Fighting
 - Level 2.0 Dodging
 - Level 3.0 Unarmed Combat
 - Level 2.0 Spellcasting
 + Level 3.9 Transmutations
 + Level 2.1 Poison Magic


You had 3 spell levels left.
You knew the following spells:

 Your Spells              Type           Power        Failure   Level  Hunger
a - Beastly Appendage     Trmt           ##....       6%          1    #......
b - Spider Form           Trmt/Pois      ##........   17%         3    ###....


Dungeon Overview and Level Annotations

Branches:
Dungeon (3/15)

Altars:
Elyvilon
Fedhas
Trog

Annotations:
D:3 Terence


Innate Abilities, Weirdness & Mutations

You cannot wear most types of armour.
You are amphibious.
You can wear up to eight rings at the same time.
You can use your tentacles to constrict many enemies at once.
Your skin changes colour to match your surroundings (Stealth).
Your rubbery body absorbs attacks (AC +1).


Message History

Terence is heavily wounded.
Terence barely misses you. The hobgoblin misses you.
You hit Terence but do no damage.
Terence is heavily wounded.
Terence barely misses you.
You hit Terence but do no damage.
Terence is heavily wounded.
The hobgoblin hits you with a club.
* * * LOW HITPOINT WARNING * * *
Terence misses you.
You hit Terence.
Terence is heavily wounded.
Your transformation is almost over.
The hobgoblin hits you with a club.
* * * LOW HITPOINT WARNING * * *
Terence closely misses you.
Your transformation has ended.
There is a stone staircase leading up here.
Magic restored.
The hobgoblin hits you with a club.
You die...

### #.. #.# #.# ###
... ..# #.# #[# #.#
#.# #.# #.#
##.####@###.#
.........g@..#
##.#######..######.#
#.........#
#.########.########
...........# ...
##########.# ##.##
#.###...##
#...@.#..#####


You could see Terence and a hobgoblin.

Vanquished Creatures
  An adder (D:2)
  3 worms (D:2)
  2 oozes
  A giant cockroach (D:2)
  4 hobgoblins
  4 jackals (D:1)
  9 kobolds
  3 ball pythons
  5 bats
  A giant newt (D:1)
  4 goblins
  A jackal skeleton (D:1)
  2 quokkas
  5 rats (D:1)
45 creatures vanquished.

Notes
Turn   | Place    | Note
--------------------------------------------------------------
     0 | D:1      | Kemay, the Octopode Transmuter, began the quest for the Orb.
     0 | D:1      | Reached XP level 1. HP: 13/13 MP: 3/3
   487 | D:1      | Reached XP level 2. HP: 12/18 MP: 2/4
  1024 | D:1      | Reached XP level 3. HP: 20/23 MP: 6/6
  1029 | D:1      | Learned a level 3 spell: Spider Form
  2022 | D:2      | Reached skill level 1 in Poison Magic
  2037 | D:2      | Found a blossoming altar of Fedhas.
  2040 | D:2      | Found a bloodstained altar of Trog.
  2043 | D:2      | Found a white marble altar of Elyvilon.
  2284 | D:2      | Reached XP level 4. HP: 28/28 MP: 3/7
  2847 | D:3      | Noticed Terence
  2882 | D:3      | Slain by a hobgoblin

Action                   |  1- 3 |  4- 6 || total
-------------------------+-------+-------++-------
Melee: Unarmed           |   100 |    32 ||   132
 Cast: Beastly Appendage |     8 |     1 ||     9
       Spider Form       |     3 |     1 ||     4
 Abil: End Transformatio |     2 |       ||     2
  Use: Scroll            |     5 |       ||     5
 Stab: Sleeping          |     4 |       ||     4
  Eat: Chunk             |     1 |     1 ||     2
       Bread ration      |     1 |       ||     1
